 Dungeon Crawl Stone Soup version 0.21-a0-140-g479285b (webtiles) character file.

162 Akrius the Insei (level 5, -2/38 HPs)
             Began as a Gnoll Transmuter on July 19, 2017.
             Slain by a bullfrog (6 damage)
             ... in a sewer.
             The game lasted 00:08:16 (3805 turns).

Akrius the Insei (Gnoll Transmuter)                 Turns: 3805, Time: 00:08:16

Health: -2/38      AC:  2    Str:  7    XL:     5   Next: 43%
Magic:  0/9        EV: 20    Int:  7    God:
Gold:   112        SH:  0    Dex:  7    Spells: 4/10 levels left

rFire    + . .     SeeInvis .     - Unarmed
rCold    + . .     Gourm    .   (shield currently unavailable)
rNeg     . . .     Faith    .   (armour currently unavailable)
rPois    .         Spirit   .   (helmet currently unavailable)
rElec    +         Reflect  .   (cloak currently unavailable)
rCorr    +         Harm     .   (gloves currently unavailable)
MR       .....                  (boots currently unavailable)
Stlth    +.........             (no amulet)
HPRegen  0.12/turn              (no ring)
MPRegen  0.11/turn              (no ring)

@: spider-form, resistant, very slightly contaminated
A: unchanging attributes, strong nose
a: End Transformation


You were in a sewer.
You were not hungry.
You were a venomous arachnid creature.
You visited 1 branch of the dungeon, and saw 3 of its levels.
You also visited: Sewer.

You collected 112 gold pieces.

Inventory:

Missiles
 a - 28 arrows
Armour
 b - a +0 robe (melded)
 q - a +2 cloak (melded)
Jewellery
 n - an uncursed ring of ice {unknown}
 t - a cursed amulet of inaccuracy {unknown}
Scrolls
 e - 2 scrolls of enchant armour {unknown}
 g - 3 scrolls of remove curse {unknown}
 i - a scroll of teleportation {unknown}
 j - 3 scrolls of identify {unknown}
 l - a scroll of noise {unknown}
 o - 3 scrolls of fear {unknown}
 p - 2 scrolls of fog {unknown}
 s - a scroll of enchant weapon {unknown}
Potions
 f - a potion of resistance
 m - a potion of flight {unknown}
Books
 c - a book of Changes

   Spells                             Type                      Level
   a - Beastly Appendage              Transmutation                1
   b - Sticks to Snakes               Transmutation                2
   c - Spider Form                    Transmutation/Poison         3
   d - Ice Form                       Ice/Transmutation            4
   e - Blade Hands                    Transmutation                5
Comestibles
 d - 2 bread rations
 h - 5 fruits
 k - 2 meat rations
 r - 7 chunks of flesh


   Skills:
 - Level 2.0 Fighting
 + Level 4.5 Dodging
 - Level 5.0 Unarmed Combat
 - Level 3.0 Spellcasting
 + Level 3.0 Transmutations
 * Level 3.9 Poison Magic


You had 4 spell levels left.
You knew the following spells:

 Your Spells              Type           Power        Failure   Level  Hunger
a - Beastly Appendage     Tmut           #.....       24%         1    ##.....
b - Sticks to Snakes      Tmut           #.......     34%         2    ###....
c - Spider Form           Tmut/Pois      #.........   47%         3    ####...


Dungeon Overview and Level Annotations

Branches:
Dungeon (3/15)

Altars:
Makhleb
Sif Muna


Innate Abilities, Weirdness & Mutations

Your physical attributes are unchanging.
((You have very sharp teeth.))
Your uncanny sense of smell can sniff out nearby items.


Message History

The bullfrog misses you.
You closely miss the bullfrog. The bullfrog barely misses you.
The bullfrog completely misses you. The bullfrog barely misses you.
You closely miss the bullfrog. The bullfrog hits you.
* * * LOW HITPOINT WARNING * * *
The bullfrog hits you.
* * * LOW HITPOINT WARNING * * *
You hit the bullfrog.
The bullfrog is poisoned.
The bullfrog is moderately wounded.
The bullfrog hits you.
* * * LOW HITPOINT WARNING * * *
The bullfrog hits you.
* * * LOW HITPOINT WARNING * * *
The bullfrog hits you but does no damage.
It was a potion of resistance.
You feel protected. The bullfrog closely misses you.
The bullfrog hits you but does no damage.
The bullfrog hits you.
You die...

#..≈.≈≈≈..≈≈≈.....≈.≈≈≈≈....
#.≈≈≈≈≈≈≈≈≈≈≈≈≈≈≈≈≈≈≈≈≈≈≈≈≈≈
#.≈≈≈≈≈≈≈≈≈≈≈≈≈≈≈≈≈≈≈≈≈≈≈≈≈≈
#.≈≈≈≈≈≈≈≈≈≈≈≈≈≈≈≈≈≈≈≈≈≈≈≈≈≈
#..≈≈≈≈.≈≈≈≈≈....≈.≈≈≈≈.....
##≈≈≈##≈≈≈≈≈################
#≈≈≈##≈≈≈≈≈# # #≈≈≈##≈≈≈≈.#
# #.≈≈##.≈≈≈s# ###### #
#.≈≈##.≈≈FF###≈≈≈≈≈# #
#≈≈≈##.≈≈≈.#≈≈≈≈≈≈≈≈ #
#.≈.##.≈≈≈.#≈≈≈≈≈≈≈≈ #
##≈###.≈≈≈.≈≈≈≈≈≈≈≈≈ # #.#
#.≈≈≈.≈≈≈≈≈≈≈≈≈ # #.#
#.≈≈≈.≈≈≈≈≈≈≈≈≈ # #∩#
#.≈≈≈.≈≈≈≈≈..≈≈ # #÷#
#.≈≈≈≈≈≈≈≈≈[..≈ #


You could see 2 bullfrogs.

Vanquished Creatures
  7 adders
  2 worms (D:2)
  3 dart slugs
  5 leopard geckos (D:3)
  6 bats
  8 giant cockroaches
  11 goblins
  6 hobgoblins
  6 jackals (D:1)
  8 kobolds
  A quokka (D:1)
  A ball python (Sewer)
  9 frilled lizards
  5 rats
78 creatures vanquished.

Vanquished Creatures (collateral kills)
  A worm (D:2)
1 creature vanquished.

Grand Total: 79 creatures vanquished

Notes
Turn   | Place    | Note
-------+----------+-------------------------------------------
     0 | D:1      | Akrius the Gnoll Transmuter began the quest for the Orb.
     0 | D:1      | Reached XP level 1. HP: 15/15 MP: 4/4
   113 | D:1      | Reached XP level 2. HP: 5/22 MP: 4/6
   133 | D:1      | Learned a level 2 spell: Sticks to Snakes
   814 | D:1      | Reached XP level 3. HP: 13/27 MP: 4/7
   833 | D:1      | Learned a level 3 spell: Spider Form
  1001 | D:1      | Reached skill level 5 in Unarmed Combat
  1537 | D:1      | Reached skill level 1 in Poison Magic
  2236 | D:2      | Reached XP level 4. HP: 33/33 MP: 4/8
  3011 | D:2      | Found a deep blue altar of Sif Muna.
  3231 | D:3      | Found a burning altar of Makhleb.
  3243 | D:3      | Reached XP level 5. HP: 35/38 MP: 9/9
  3263 | D:3      | Found a glowing drain.
  3312 | Sewer    | Entered a sewer
  3805 | Sewer    | Slain by a bullfrog

Vault maps used:
D:1:      sevenhm_arrival_forest_fort_large_2, minmay_misc_feat_pillars
D:2:      lemuel_coloured_pillars_altar
D:3:      bloody_makhleb, gup_sewer_entry_pipe, fedhas_altar_1
Sewer:    sewer_frog_island_01

Skill      XL: |  1  2  3  4  5 |
---------------+----------------+-----
Dodging        | 3 4 |  4.5
Fighting       | 2 |  2.0
Unarmed Combat | 5 |  5.0
Poison Magic   | 1 3 |  3.9
Transmutations | 3 |  3.0
Spellcasting   | |  3.0

Action                   |  1- 3 |  4- 6 || total
-------------------------+-------+-------++-------
Melee: Unarmed           |   164 |   192 ||   356
       Kick              |     2 |     1 ||     3
       Headbutt          |     2 |     1 ||     3
       Bite              |     1 |     5 ||     6
 Cast: Beastly Appendage |    11 |    10 ||    21
       Spider Form       |     2 |     3 ||     5
       Sticks to Snakes  |     1 |     1 ||     2
  Use: Potion            |       |     1 ||     1
  Eat: Chunk             |     5 |     7 ||    12
Armor: Robe              |    30 |    42 ||    72
       Skin              |     1 |     3 ||     4
Dodge: Dodged            |   119 |   165 ||   284
